 Dungeon Crawl Stone Soup version 0.29.0-4-gdea44cf6ec (webtiles) character file.

Game seed: 7407687815298103341

1867 qw the Cleaver (level 8, -23/73 HPs)
             Began as a Minotaur Fighter on Sept 6, 2022.
             Was an Initiate of Ru.
             Annihilated by a two-headed ogre
             ... wielding a +0 giant spiked club
              (33 damage)
             ... on level 6 of the Dungeon.
             The game lasted 00:02:03 (5467 turns).

qw the Cleaver (Minotaur Fighter)                   Turns: 5467, Time: 00:02:04

Health: -23/73     AC:  6    Str: 24    XL:     8   Next: 90%
Magic:  7/7        EV: 14    Int:  5    God:    Ru [......]
Gold:   134        SH:  4    Dex:  9    Spells: 7/7 levels left

rFire   . . .      SeeInvis .   Y - +1 war axe
rCold   . . .      Faith    .   c - +0 buckler
rNeg    . . .      Spirit   .   b - +0 scale mail
rPois   .          Reflect  .   (helmet restricted)
rElec   .          Harm     .   (no cloak)
rCorr   .          Rampage  .   (no gloves)
Will    .....                   (no boots)
Stlth   ..........              (no amulet)
HPRegen 0.22/turn               l - +4 ring of evasion
MPRegen 0.10/turn               (no ring)

@: about to teleport
A: horns 2, retaliatory headbutt
a: Renounce Religion


You were on level 6 of the Dungeon.
You worshipped Ru.
Ru was noncommittal.
You visited 2 branches of the dungeon, and saw 7 of its levels.

You collected 274 gold pieces.
You spent 140 gold pieces at shops.


Innate Abilities, Weirdness & Mutations

You have a pair of horns on your head.
You reflexively headbutt those who attack you in melee.


   Skills:
 - Level 7.0 Fighting
 + Level 12.1 Axes
 - Level 3.6 Armour
 - Level 2.5 Dodging
 - Level 4.0 Shields


You had 7 spell levels left.
You didn't know any spells.
Your spell library was empty.

Inventory:

Hand Weapons
 g - a +0 flail
 Y - a +1 war axe (weapon)
Armour
 b - a +0 scale mail (worn)
 c - a +0 buckler (worn)
 m - a +2 hat
Jewellery
 l - a +4 ring of evasion (left hand)
Scrolls
 e - a scroll of identify
 k - a scroll of fear {unknown}
Potions
 d - 3 potions of might
 f - 2 potions of curing
 h - a potion of resistance
 i - a potion of mutation
 j - a potion of haste
 n - a potion of berserk rage {unknown}

Dungeon Overview and Level Annotations

Branches:
Dungeon (6/15)             Temple (1/1) D:4

Altars:
Ashenzari
Cheibriados
Dithmenos
Elyvilon
Fedhas
Gozag
Hepliaklqana
Kikubaaqudgha
Qazlal
Ru
Trog
Uskayaw
Vehumet
Wu Jian
Yredelemnul
Zin
The Shining One

Shops:
D:5 *

Annotations:
D:1 1 transporter
D:3 1 runed translucent door, Crazy Yiuf
D:6 2 runed translucent doors


Message History

The necrophage closely misses you.
You slash the necrophage!
You destroy the necrophage!
Your life force feels restored.
Your Fighting skill increases to level 7!
You start resting.
HP restored.
There is an open door, spattered with blood here.
Things that are here:
a +0 giant spiked club; an adder corpse; an ogre corpse You see here a +0 mace.
n - a coppery potion A two-headed ogre comes into view.
It is wielding a +0 giant spiked club and a +0 giant club.
The two-headed ogre shouts in stereo!
You hit the two-headed ogre.
The two-headed ogre is lightly wounded.
The two-headed ogre closely misses you. The two-headed ogre barely misses you.
You hit the two-headed ogre.
The two-headed ogre is moderately wounded.
You slash the two-headed ogre! You headbutt the two-headed ogre.
The two-headed ogre is heavily wounded.
The two-headed ogre hits you with a +0 giant spiked club!!
The two-headed ogre hits you with a +0 giant club!
You barely miss the two-headed ogre.
The two-headed ogre is heavily wounded.
The two-headed ogre hits you with a +0 giant spiked club!
The two-headed ogre completely misses you.
You hit the two-headed ogre.
The two-headed ogre is heavily wounded.
You slash the two-headed ogre!
The two-headed ogre is severely wounded.
The two-headed ogre closely misses you.
The two-headed ogre hits you with a +0 giant club!
5466 ||| READING scroll of teleportation.
As you read the scroll of teleportation, it crumbles to dust.
You feel strangely unstable.
You slash the two-headed ogre!
The two-headed ogre is almost dead.
The two-headed ogre hits you with a +0 giant spiked club!!
You die...

#8?|8##.#######
######.%.......
#)###..###
#.).##.# #
##.#.# #
#.#.##.#
#.##.#.#
#.O###.#
#.@..## ######


You could see a two-headed ogre.

Vanquished Creatures
  Pikel (D:5)
  2 water moccasins (D:5)
  An ogre (D:6)
  2 centaurs
  4 lemures (D:5)
  4 necrophages
  2 scorpions (D:5)
  5 wights (D:4)
  An orc priest (D:5)
  2 jellies (D:5)
  5 iguanas
  A gnoll (D:1)
  8 adders
  A white imp (D:6)
  3 worms
  3 dart slugs
  7 orcs
  5 ball pythons
  4 endoplasms
  6 giant cockroaches
  4 goblins
  7 hobgoblins
  4 kobolds
  A quokka (D:1)
  5 bats
  2 frilled lizards (D:1)
  5 rats
95 creatures vanquished.

Vanquished Creatures (others)
  A bush (D:5)
  2 fungi (D:3)
  3 plants (D:3)
6 creatures vanquished.

Grand Total: 101 creatures vanquished

Notes
Turn   | Place    | Note
-------+----------+-------------------------------------------
     0 | D:1      | qw the Minotaur Fighter began the quest for the Orb.
     0 | D:1      | Reached XP level 1. HP: 19/19 MP: 0/0
     0 | D:1      | 0 ||| qw: Version: 0.1-a-108-g9e35731
     0 | D:1      | 0 ||| qw: Game counter: 6389
     0 | D:1      | 0 ||| qw: Always use a shield: true
     0 | D:1      | 0 ||| qw: God list: Ru
     0 | D:1      | 0 ||| qw: Allow faded altars: false
     0 | D:1      | 0 ||| qw: Do Orc after D:15 true
     0 | D:1      | 0 ||| qw: Do second Lair branch before Depths: true
     0 | D:1      | 0 ||| qw: Lair rune preference: random
     0 | D:1      | 0 ||| qw: Plans: Normal
     0 | D:1      | 0 ||| PLANNING D:1-11
    72 | D:1      | Reached skill level 3 in Axes
   134 | D:1      | 134 ||| Stepping ~*~*~tactically~*~*~ (stealth).
   152 | D:1      | Reached XP level 2. HP: 26/26 MP: 1/1
   463 | D:1      | Reached skill level 4 in Axes
   678 | D:1      | Reached XP level 3. HP: 23/31 MP: 2/2
   760 | D:1      | 760 ||| DROPPING orb of wrath.
   761 | D:1      | 761 ||| READING scroll labelled VIOLAS CAPEL.
   862 | D:1      | 862 ||| DRINKING 2 metallic dark potions.
   863 | D:1      | 863 ||| DROPPING potion of brilliance.
   936 | D:2      | 936 ||| Stepping ~*~*~tactically~*~*~ (stealth).
   941 | D:2      | Reached skill level 5 in Axes
   959 | D:2      | You fall into a shaft and drop 1 floor!
  1149 | D:3      | Reached skill level 1 in Dodging
  1149 | D:3      | Reached XP level 4. HP: 37/39 MP: 3/3
  1247 | D:3      | 1247 ||| READING scroll labelled SACZEN ABATZOF.
  1248 | D:3      | 1248 ||| READING 2 scrolls labelled JUAGOSCH TANU.
  1249 | D:3      | 1249 ||| READING scroll labelled XESUSE TEQEIDE.
  1250 | D:3      | 1250 ||| READING scroll labelled OTAMNO RISOA.
  1270 | D:3      | 1270 ||| Stepping ~*~*~tactically~*~*~ (stealth).
  1402 | D:2      | 1402 ||| Stepping ~*~*~tactically~*~*~ (stealth).
  1427 | D:2      | 1427 ||| DROPPING +0 club.
  1665 | D:2      | 1665 ||| READING 3 scrolls of identify.
  1665 | D:2      | 1665 ||| IDENTIFYING glowing golden potion
  1666 | D:2      | 1666 ||| READING 2 scrolls of identify.
  1666 | D:2      | 1666 ||| IDENTIFYING bubbling white potion
  1667 | D:2      | 1667 ||| DROPPING potion of degeneration.
  2013 | D:3      | 2013 ||| DROPPING +0 whip.
  2142 | D:3      | Found a faded altar of an unknown god.
  2292 | D:3      | Found a runed translucent door.
  2293 | D:3      | Noticed Crazy Yiuf
  2296 | D:3      | 2296 ||| DRINKING 2 fizzy black potions.
  2297 | D:3      | 2297 ||| READING 2 scrolls of identify.
  2297 | D:3      | 2297 ||| IDENTIFYING bubbling clear potion
  2361 | D:4      | Reached skill level 6 in Axes
  2361 | D:4      | Reached XP level 5. HP: 44/45 MP: 4/4
  2420 | D:4      | Noticed a centaur
  2421 | D:4      | 2421 ||| Stepping ~*~*~tactically~*~*~ (hiding).
  2426 | D:4      | Killed a centaur
  2427 | D:4      | Reached skill level 7 in Axes
  2430 | D:4      | 2430 ||| Stepping ~*~*~tactically~*~*~ (stealth).
  2434 | D:4      | 2434 ||| Stepping ~*~*~tactically~*~*~ (stealth).
  2436 | D:4      | 2436 ||| Stepping ~*~*~tactically~*~*~ (stealth).
  2440 | D:4      | Reached XP level 6. HP: 33/52 MP: 5/5
  2556 | D:4      | 2556 ||| Stepping ~*~*~tactically~*~*~ (stealth).
  2575 | D:4      | 2575 ||| FLEEEEING.
  2576 | D:4      | 2576 ||| FLEEEEING.
  2577 | D:4      | 2577 ||| FLEEEEING.
  2578 | D:4      | 2578 ||| FLEEEEING.
  2579 | D:4      | 2579 ||| FLEEEEING.
  2580 | D:4      | 2580 ||| FLEEEEING.
  2581 | D:4      | 2581 ||| FLEEEEING.
  2582 | D:4      | 2582 ||| FLEEEEING.
  2583 | D:4      | 2583 ||| FLEEEEING.
  2584 | D:4      | 2584 ||| FLEEEEING.
  2585 | D:4      | 2585 ||| FLEEEEING.
  2586 | D:4      | 2586 ||| FLEEEEING.
  2587 | D:4      | 2587 ||| FLEEEEING.
  2588 | D:4      | 2588 ||| FLEEEEING.
  2589 | D:4      | 2589 ||| FLEEEEING.
  2590 | D:4      | 2590 ||| FLEEEEING.
  2591 | D:4      | 2591 ||| FLEEEEING.
  2592 | D:4      | 2592 ||| FLEEEEING.
  2593 | D:4      | 2593 ||| FLEEEEING.
  2594 | D:4      | 2594 ||| FLEEEEING.
  2595 | D:4      | 2595 ||| FLEEEEING.
  2596 | D:4      | 2596 ||| FLEEEEING.
  2597 | D:4      | 2597 ||| FLEEEEING.
  2598 | D:4      | 2598 ||| FLEEEEING.
  2599 | D:4      | 2599 ||| FLEEEEING.
  2600 | D:4      | 2600 ||| FLEEEEING.
  2601 | D:4      | 2601 ||| FLEEEEING.
  2602 | D:4      | 2602 ||| FLEEEEING.
  2604 | D:4      | 2604 ||| FLEEEEING.
  2605 | D:4      | 2605 ||| FLEEEEING.
  2606 | D:4      | 2606 ||| FLEEEEING.
  2610 | D:4      | Reached skill level 8 in Axes
  3036 | D:4      | Found a blossoming altar of Fedhas.
  3142 | D:4      | 3142 ||| Stepping ~*~*~tactically~*~*~ (stealth).
  3192 | D:4      | Reached XP level 7. HP: 44/59 MP: 6/6
  3199 | D:4      | Reached skill level 9 in Axes
  3319 | D:4      | Found a staircase to the Ecumenical Temple.
  3320 | D:4      | 3320 ||| PLANNING TEMPLE
  3320 | D:4      | 3320 ||| READING scroll labelled QATUACHAFU.
  3321 | D:4      | 3321 ||| READING 4 scrolls of identify.
  3321 | D:4      | 3321 ||| IDENTIFYING blue potion
  3322 | D:4      | 3322 ||| READING 3 scrolls of identify.
  3322 | D:4      | 3322 ||| IDENTIFYING metallic yellow potion
  3323 | D:4      | 3323 ||| DROPPING potion of lignification.
  3332 | Temple   | Entered the Ecumenical Temple
  3422 | Temple   | Became a worshipper of Ru the Awakened
  3426 | Temple   | 3426 ||| PLANNING D:1-11
  3541 | D:5      | Entered Level 5 of the Dungeon
  3641 | D:5      | 3641 ||| FLEEEEING.
  3645 | D:5      | 3645 ||| STAIRDANCE
  3873 | D:5      | HP: 15/62 [centaur/arrow (8)]
  3874 | D:5      | 3874 ||| READING 3 scrolls of teleportation.
  3875 | D:5      | 3875 ||| DRINKING 2 potions of heal wounds.
  3877 | D:5      | Noticed a +0 falchion
  3877 | D:5      | Noticed a +0 dagger
  3877 | D:5      | Noticed a +0 short sword
  3877 | D:5      | Noticed a +0 spear
  3877 | D:5      | Noticed a +0 short sword
  3877 | D:5      | Noticed a +0 dagger
  3877 | D:5      | Noticed a +0 spear
  3878 | D:5      | 3878 ||| READING 2 scrolls of teleportation.
  3879 | D:5      | 3879 ||| DRINKING potion of heal wounds.
  3879 | D:5      | Noticed a +0 falchion
  3991 | D:5      | Found a hide-covered altar of Uskayaw.
  4019 | D:5      | 4019 ||| Stepping ~*~*~tactically~*~*~ (stealth).
  4020 | D:5      | 4020 ||| Stepping ~*~*~tactically~*~*~ (stealth).
  4021 | D:5      | 4021 ||| Stepping ~*~*~tactically~*~*~ (stealth).
  4229 | D:5      | Reached skill level 10 in Axes
  4373 | D:5      | Reached XP level 8. HP: 41/70 MP: 7/7
  4436 | D:5      | 4436 ||| FLEEEEING.
  4437 | D:5      | 4437 ||| FLEEEEING.
  4438 | D:5      | 4438 ||| FLEEEEING.
  4439 | D:5      | 4439 ||| FLEEEEING.
  4440 | D:5      | 4440 ||| FLEEEEING.
  4441 | D:5      | 4441 ||| FLEEEEING.
  4444 | D:5      | 4444 ||| FLEEEEING.
  4445 | D:5      | 4445 ||| FLEEEEING.
  4446 | D:5      | 4446 ||| FLEEEEING.
  4447 | D:5      | 4447 ||| FLEEEEING.
  4448 | D:5      | 4448 ||| FLEEEEING.
  4449 | D:5      | 4449 ||| FLEEEEING.
  4450 | D:5      | 4450 ||| FLEEEEING.
  4451 | D:5      | 4451 ||| FLEEEEING.
  4452 | D:5      | 4452 ||| FLEEEEING.
  4453 | D:5      | 4453 ||| STAIRDANCE
  4507 | D:4      | 4507 ||| READING scroll labelled ZANIUF GUSOOFO.
  4508 | D:4      | 4508 ||| READING 3 scrolls of identify.
  4508 | D:4      | 4508 ||| IDENTIFYING green potion
  4509 | D:4      | 4509 ||| READING 2 scrolls of identify.
  4509 | D:4      | 4509 ||| IDENTIFYING grey potion
  4510 | D:4      | 4510 ||| DROPPING potion of flight.
  4517 | D:5      | Reached skill level 6 in Fighting
  4628 | D:5      | Found Todwes's Assorted Antiques.
  4641 | D:5      | 4641 ||| BUYING notched pearl ring (140 gold).
  4641 | D:5      | Bought a notched pearl ring for 140 gold pieces
  4641 | D:5      | 4641 ||| SHOPLISTING potion of heal wounds (140 gold, have
                  | 102).
  4641 | D:5      | 4641 ||| SHOPLISTING potion of might (112 gold, have 102).
  4725 | D:5      | 4725 ||| Stepping ~*~*~tactically~*~*~ (stealth).
  4726 | D:5      | Noticed Pikel
  4742 | D:5      | Killed Pikel
  4743 | D:5      | Reached skill level 11 in Axes
  5150 | D:5      | 5150 ||| UPGRADING to +4 ring of evasion.
  5151 | D:5      | 5151 ||| READING scroll labelled TADGHE DISUIDEZ.
  5217 | D:6      | Found a large runed translucent door.
  5220 | D:6      | Found a large runed translucent door.
  5236 | D:6      | Reached skill level 12 in Axes
  5458 | D:6      | Noticed a two-headed ogre
  5465 | D:6      | HP: 9/73 [two-headed ogre/+0 giant spiked club (10)]
  5466 | D:6      | 5466 ||| READING scroll of teleportation.
  5467 | D:6      | Annihilated by a two-headed ogre

Levels and vault maps discovered:
D:1:      spicycebolla_arrival_risky_transporter, layout_basic
D:2:      layout_rooms, minmay_misc_feat_alley
D:3:      layout_basic, shapermc_ecumenical_altar_mp_ritualfount,
          uniq_crazy_yiuf_cottage
D:4:      layout_cave_pods, kennysheep_mini_moat, temple_doors_ab
D:5:      layout_cave_pools, nicolae_uskayaw_en_pointe, serial_shops, shop,
          corexii_hall_statues_u, kb_lookout_dungeons_type, uniq_pikel
D:6:      layout_rooms, nemelex_xobeh_ov_fountains_minmay,
          minmay_hollow_rounded_squares
Temple:   eino_temple_rhombus

Skill      XL: |  1  2  3  4  5  6  7  8 |
---------------+-------------------------+-----
Axes           | 3 4 5 6 7 8 10 12 | 12.1
Dodging        | 1 2 |  2.5
Fighting       | 4 5 7 |  7.0
Shields        | 4 |  4.0
Armour         | |  3.6

Action                   |  1- 3 |  4- 6 |  7- 9 || total
-------------------------+-------+-------+-------++-------
Melee: War axe           |    89 |    78 |   107 ||   274
       Headbutt          |    11 |    15 |    16 ||    42
Throw: Boomerang         |     3 |       |       ||     3
  Use: Scroll            |     1 |     7 |    10 ||    18
       Potion            |     1 |     1 |     2 ||     4
 Stab: Distracted        |       |     1 |       ||     1
Armor: Scale mail        |    36 |    22 |    33 ||    91
Dodge: Dodged            |    38 |    30 |    46 ||   114
Block: Buckler           |    22 |    14 |    13 ||    49

Table legend:
 A = Non-vault XP
 B = Vault XP
 C = Vault XP percentage of total XP
 D = Non-vault monster count
 E = Vault monster count
 F = Vault count percentage of total count
                 A         B        C        D         E       F
            +---------+---------+-------+---------+---------+-------
      Total |    1732 |     936 |  35.1 |      85 |       6 |   6.6
            +---------+---------+-------+---------+---------+-------
        D:1 |      49 |       0 |   0.0 |      22 |       0 |   0.0
        D:2 |      59 |       0 |   0.0 |      17 |       0 |   0.0
        D:3 |      68 |       0 |   0.0 |      14 |       0 |   0.0
        D:4 |     687 |       0 |   0.0 |      17 |       0 |   0.0
        D:5 |     730 |     703 |  49.1 |      12 |       2 |  14.3
        D:6 |     139 |     233 |  62.6 |       3 |       4 |  57.1
            +---------+---------+-------+---------+---------+-------
